 Dungeon Crawl Stone Soup version 0.30.0-10-gfe55d96785 (webtiles) character file.

Game seed: 3272958808742316662

120 Firecrotchwizard the Chopper (level 5, -9/47 HPs)
             Began as a Hill Orc Monk on May 15, 2023.
             Was a Believer of Beogh.
             Mangled by Menkaure (15 damage)
             ... on level 4 of the Dungeon.
             The game lasted 00:03:38 (1845 turns).

Firecrotchwizard the Chopper (Hill Orc Monk)        Turns: 1845, Time: 00:03:39

Health: -9/47      AC:  6    Str: 16    XL:     5   Next: 4%
Magic:  5/5        EV: 11    Int: 10    God:    Beogh [**....]
Gold:   94         SH:  0    Dex: 13    Spells: 4/4 levels left

rFire   . . .        a - +0 hand axe
rCold   . . .        d - orb {light}
rNeg    . . .        q - +0 ring mail
rPois   .            (no helmet)
rElec   .            (no cloak)
rCorr   .            k - +0 pair of gloves
SInv    .            (no boots)
Will    .....        (no amulet)
Stlth   +            (no ring)
HPRegen 0.27/turn    (no ring)
MPRegen 0.09/turn

%: no passive effects
@: glowing
A: no striking features
a: Renounce Religion, Smiting


You were on level 4 of the Dungeon.
You worshipped Beogh.
Beogh was pleased with you.
You visited 1 branch of the dungeon, and saw 4 of its levels.

You collected 94 gold pieces.

Inventory:

Hand Weapons
 a - a +0 hand axe (weapon)
Armour
 b - a +0 robe
 d - an orb of light (worn)
 j - a +0 chain mail
 k - a +0 pair of gloves (worn)
 q - a +0 ring mail (worn)
Scrolls
 e - 3 scrolls of fear {unknown}
 g - 2 scrolls of blinking {unknown}
 l - 4 scrolls of fog {unknown}
 n - a scroll of magic mapping {unknown}
 o - a scroll of teleportation {unknown}
 p - a scroll of brand weapon {unknown}
 r - a scroll of enchant weapon {unknown}
Potions
 c - 3 potions of ambrosia
 f - a potion of flight {unknown}
 h - 2 potions of attraction {unknown}
 i - a potion of berserk rage {unknown}
 m - a potion of curing {unknown}


   Skills:
 + Level 4.5 Fighting
 * Level 5.9 Axes
 + Level 2.2 Armour
 - Level 2.4 Dodging
 + Level 0.0 Invocations


You had 4 spell levels left.
You didn't know any spells.
Your spell library was empty.

Dungeon Overview and Level Annotations

Branches:
Dungeon (4/15)
 Temple: D:4-7

Altars:
Elyvilon
Kikubaaqudgha

Shops:
D:4 :

Annotations:
D:4 Menkaure


Message History

The giant cockroach bites you but does no damage.
You hit the giant cockroach.
You kill the giant cockroach!
No target in view!
An orc and an orc priest come into view.
The orc shouts!
The orc priest shouts, "Join the one true god or die!" (press Y on the ability menu to convert to Beogh)
The orc priest shouts!
You bow before the missionary of Beogh.
Beogh welcomes you!
You can now smite your foes.
With a roar of approval, the orcs welcome you as one of their own, and spare your life.
An orc comes into view. It is wielding a +0 flail.
Unknown command.
The orc shouts!
The orc hits the orc priest with a +0 flail.
A hound comes into view.
The hound barks!
The orc priest closely misses the orc.
The orc hits the orc priest with a +0 flail.
The hound bites the orc priest.
The orc priest invokes the aid of Beogh against the hound.
The hound is smitten.
The orc hits the orc priest with a +0 flail.
The orc priest dies!
The hound pauses to sniff the ground.
Found 12 gold pieces.
You slash the hound!
You kill the hound!
Beogh accepts your kill.
You have reached level 5!
You feel stronger.
You hit the orc.
The orc is moderately wounded.
The orc hits you with a +0 flail.
You hit the orc.
The orc is almost dead.
The orc hits you but does no damage.
You completely miss the orc.
The orc is almost dead.
The orc closely misses you.
You barely miss the orc.
The orc is almost dead.
The orc hits you with a +0 flail.
You hit the orc.
You kill the orc!
Beogh accepts your kill.
No target in view!
Found 4 stones.
Things that are here:
a +0 flail; a +0 ring mail No target in view!
You swap places.
Things that are here:
a +0 trident; a +0 scale mail; an orc corpse
c - 3 potions of ambrosia (gained 1)
You now have 94 gold pieces (gained 12).
Things that are here:
a +0 trident; a +0 scale mail; an orc corpse You swap places.
An orc comes into view. It is wielding a +0 club.
Found an ancient bone altar of Kikubaaqudgha.
The orc shouts!
Miasma emanates from the human's flesh.
The human shouts!
The human is engulfed in dark miasma.
The human is poisoned.
The human seems to slow down.
You hit the orc.
The orc is moderately wounded.
The human is no longer moving slowly.
The orc closely misses you.
The human is engulfed in dark miasma.
The human looks even sicker.
The human dies!
The human rises from the dead!
You hit the orc.
The orc is almost dead.
The orc hits you with a +0 club.
You hit the orc.
You kill the orc!
Beogh accepts your kill.
No reachable target in view!
Menkaure is nearby!
Menkaure shouts!
No reachable target in view!
No reachable target in view!
You completely miss Menkaure. Menkaure hits you!!
You hit Menkaure but do no damage. You hit Menkaure.
Menkaure is moderately damaged.
Menkaure mumbles some strange words.
Menkaure seems to speed up.
Unknown command.
You slash Menkaure!
Menkaure is heavily damaged.
Menkaure hits you!!
* * * LOW HITPOINT WARNING * * *
You hit Menkaure.
Menkaure is heavily damaged.
Menkaure hits you!
You die...

.## #..... #....# #.####
#.##.# #.# ##.##.### #.# ##
#........ #.# #.
#######.....###.#######.###.
#.............#.............
#.#####.....#.#......<#.###.
#.# #....@# #.#######..##.
#.# #)....M...... #..##. #.#
#.......##..### ##.##. #.#
#...#...# .... .##. #.#
#._.#...# ... ###.. #.#
#...##.## .######≈≈.≈ ## #.#
######.# .....≈≈≈.≈
.#####.####Z###.#
#######.≈≈≈.≈ .........#
...........∩.


You could see Menkaure (fast).

Vanquished Creatures
  A hound (D:4)
  An iguana (D:3)
  An orc wizard (D:4)
  An adder (D:4)
  3 worms
  A dart slug (D:1)
  7 orcs (D:4)
  2 ball pythons (D:3)
  3 endoplasms
  4 giant cockroaches
  2 hobgoblins
  2 quokkas
  6 frilled lizards
  2 goblins (D:1)
  2 kobolds
  7 rats
45 creatures vanquished.

Vanquished Creatures (others)
  A human (D:4)
  An orc priest (D:4)
2 creatures vanquished.

Grand Total: 47 creatures vanquished

Notes
Turn   | Place    | Note
-------+----------+-------------------------------------------
     0 | D:1      | Firecrotchwizard the Hill Orc Monk began the quest for the
                  | Orb.
     0 | D:1      | Reached XP level 1. HP: 19/19 MP: 1/1
   145 | D:1      | Reached XP level 2. HP: 27/27 MP: 2/2
   279 | D:1      | Reached skill level 1 in Armour
   509 | D:2      | Reached XP level 3. HP: 18/33 MP: 3/3
   588 | D:2      | You fall into a shaft and drop 1 floor!
   812 | D:3      | Reached skill level 5 in Axes
   824 | D:3      | Reached XP level 4. HP: 23/40 MP: 4/4
  1162 | D:3      | Found a faded altar of an unknown god.
  1331 | D:4      | Found Xorup's Self-Improvement Boutique.
  1453 | D:4      | Noticed Menkaure
  1613 | D:4      | Found a white marble altar of Elyvilon.
  1746 | D:4      | Became a worshipper of Beogh the Brigand
  1746 | D:4      | Reached * piety under Beogh
  1746 | D:4      | Reached ** piety under Beogh
  1752 | D:4      | Reached XP level 5. HP: 47/47 MP: 5/5
  1816 | D:4      | Found an ancient bone altar of Kikubaaqudgha.
  1818 | D:4      | Noticed a human
  1819 | D:4      | Killed a human
  1845 | D:4      | Mangled by Menkaure

Illustrated notes

Levels and vault maps discovered:
D:1:      dpeg_arrival_castle, layout_rooms
D:2:      layout_basic, serial_undead, serial_undead_d, serial_undead_c,
          serial_undead_a, serial_undead_d, serial_undead_c, serial_undead_d
D:3:      layout_rooms, chequers_ecumenical_altar_twisty
D:4:      layout_basic, tgw_kikubaaqudgha, mainiacjoe_overflow_surrounded_room,
          serial_shops, shop, nicolae_shop_self_help, uniq_pikel, uniq_menkaure

Skill      XL: |  1  2  3  4 |
---------------+-------------+-----
Armour         | 1 2 |  2.2
Fighting       | 4 |  4.5
Axes           | 5 |  5.9
Dodging        | |  2.4

Action                     |  1- 3 |  4- 6 || total
---------------------------+-------+-------++-------
  Melee: Hand axe          |    77 |    60 ||   137
 Invoke: Convert to Beogh  |       |     1 ||     1
 Armour: Robe              |     8 |     1 ||     9
         Ring mail         |       |    16 ||    16
  Dodge: Dodged            |    32 |    37 ||    69
